 Dungeon Crawl Stone Soup version 0.30.0-29-ga12c61a403 (webtiles) character file.

Game seed: 11121487553112702108

9620 monsoonserge the Slicer (level 11, -4/83 HPs)
             Began as a Demonspawn Monk on June 8, 2023.
             Slain by a shadow (30 damage)
             ... on level 9 of the Dungeon.
             The game lasted 00:35:02 (10757 turns).

monsoonserge the Slicer (Demonspawn Monk)          Turns: 10757, Time: 00:35:03

Health: -4/83      AC: 14    Str: 12    XL:     11   Next: 25%
Magic:  11/11      EV: 13    Int: 12    God:
Gold:   242        SH:  0    Dex: 25    Spells: 10/10 levels left

rFire   . . .        H - +1 rapier (speed)
rCold   + + .        (no shield)
rNeg    . . .        t - +3 scale mail {rC+}
rPois   +            p - +1 helmet
rElec   .            D - +0 cloak {rPois}
rCorr   .            (no gloves)
SInv    .            (no boots)
Will    .....        (no amulet)
Stlth   ++++         d - ring of protection from cold
HPRegen 0.33/turn    (no ring)
MPRegen 0.12/turn

%: no passive effects
@: no status effects
A: thin skeletal structure 3, demonic touch 2
a: no special abilities


You were on level 9 of the Dungeon.
You visited 2 branches of the dungeon, and saw 10 of its levels.
You also visited: Bailey.

You collected 594 gold pieces.
You spent 352 gold pieces at shops.

Inventory:

Hand Weapons
 H - a +1 rapier of speed (weapon)
Missiles
 f - 18 poisoned darts
 K - 2 boomerangs of dispersal
 M - 7 throwing nets
 O - 6 boomerangs (quivered)
Armour
 b - +0 acid dragon scales
 p - a +1 helmet (worn)
 t - a +3 scale mail of cold resistance (worn)
 D - a +0 cloak of poison resistance (worn)
 G - a +0 plate armour
 S - a +0 leather armour of poison resistance
Magical Staves
 a - a staff of air
 q - a staff of fire
 N - a staff of conjuration
Jewellery
 d - a ring of protection from cold (left hand)
Wands
 r - a wand of roots (15)
 C - a wand of flame (35)
 J - a wand of quicksilver (14)
Scrolls
 e - 2 scrolls of fog {unknown}
 h - a scroll of immolation {unknown}
 i - 4 scrolls of fear
 j - 15 scrolls of identify {unknown}
 k - a scroll of silence {unknown}
 m - 6 scrolls of teleportation
 u - a scroll of vulnerability {unknown}
 v - 4 scrolls of amnesia {unknown}
 x - 2 scrolls of enchant armour {unknown}
 y - 2 scrolls of butterflies {unknown}
 B - a scroll of poison {unknown}
 E - 5 scrolls of enchant weapon {unknown}
 F - 2 scrolls of noise {unknown}
 P - 2 scrolls of magic mapping {unknown}
Potions
 c - a potion of ambrosia
 l - a potion of heal wounds {unknown}
 n - a potion of haste
 o - 2 potions of berserk rage {unknown}
 s - a potion of mutation {unknown}
 w - 7 potions of curing
 z - 3 potions of degeneration {unknown}
 A - 2 potions of attraction {unknown}
 I - 2 potions of invisibility {unknown}
 L - a potion of might {unknown}
 Q - a potion of cancellation {unknown}


   Skills:
 + Level 6.5 Fighting
 + Level 9.2(10.2) Short Blades
 + Level 6.7(9.0) Long Blades
 + Level 1.8 Throwing
 + Level 7.6 Armour
 + Level 5.6 Dodging
 + Level 2.4 Stealth
 + Level 4.0 Unarmed Combat


You had 10 spell levels left.
You didn't know any spells.
Your spell library contained the following spells:

 Spells                   Type           Power      Damage    Failure   Level
 Magic Dart               Conj           0%         1d3       80%         1
 Sting                    Tmut/Pois      0%         1d3       80%         1
 Call Imp                 Summ           0%         N/A       90%         2
 Poisonous Vapours        Pois/Air       0%         N/A       90%         2
 Searing Ray              Conj           0%         2d4       90%         2
 Call Canine Familiar     Summ           0%         N/A       99%         3
 Mephitic Cloud           Conj/Pois/Air  0%         N/A       99%         3
 Portal Projectile        Hex/Tloc       0%         N/A       99%         3
 Volatile Blastmotes      Fire/Tloc      0%         2d10      99%         3
 Fulminant Prism          Conj/Hex       0%         3d5       100%        4
 Iskenderun's Mystic Bla  Conj/Tloc      0%         2d3       100%        4
 Leda's Liquefaction      Hex/Erth       0%         N/A       100%        4
 Olgreb's Toxic Radiance  Pois           0%         N/A       100%        4
 Lee's Rapid Deconstruct  Erth           0%         3d4*      100%        5


Dungeon Overview and Level Annotations

Branches:
Dungeon (9/15)             Temple (1/1) D:4          Bailey (visited)
   Lair: D:8-11         Orc: D:9-12

Altars:
Ashenzari
Dithmenos
Fedhas
Gozag
Hepliaklqana
Kikubaaqudgha
Makhleb
Nemelex Xobeh
Okawaru
Qazlal
Ru
Sif Muna
Trog
Uskayaw
Vehumet
Wu Jian
Xom
Yredelemnul

Shops:
D:1 ?   D:3 !   D:4 [   D:7 !:?


Innate Abilities, Weirdness & Mutations

You have an unnaturally thin skeletal structure. (Dex +6, Stealth+++)
Your touch may inflict irresistible damage on your foes.


Message History

The killer bee is severely wounded.
You hit the killer bee but do no damage.
The killer bee is severely wounded.
The killer bee stings you but does no damage.
The killer bee barely misses you. The killer bee stings you.
You miss the killer bee. Your touch misses the killer bee.
The killer bee is severely wounded.
The killer bee stings you but does no damage. x2
The killer bee stings you.
You puncture the killer bee!
You kill the killer bee!
The killer bee closely misses you.
The killer bee stings you but does no damage.
You hit the killer bee but do no damage.
Your touch misses the killer bee. The killer bee misses you.
The killer bee stings you but does no damage.
You hit the killer bee. Your touch misses the killer bee.
The killer bee is lightly wounded.
You hit the killer bee but do no damage.
You touch the killer bee!
You kill the killer bee!
The killer bee closely misses you. The killer bee closely misses you. x2
The shadow strikes at you from the darkness!
Reactivating autopickup.
You see here a killer bee corpse.
You barely miss the killer bee.
You touch the killer bee!
The killer bee is severely wounded.
The killer bee misses you.
The shadow slips into darkness.
The shadow flickers and vanishes!
Deactivating autopickup; reactivate with Ctrl-A.
You closely miss the killer bee.
The killer bee is severely wounded.
The killer bee stings you.
You puncture the killer bee!
You kill the killer bee!
You barely miss something.
The shadow strikes at you from the darkness!
You die...

#......................# ..
#......................#...
#.........#######...<..#...
#.........# #......'...
##.........# #.....(####
......†..[.# #.....()...
...........#######......))..
..........{.................
...........@................
............................
.######.....................
#.....................
#....##############...
#....#......(.....#...
#....#............#...
##...#>...........#...
#...#............+...


There were no monsters in sight!

Vanquished Creatures
  Harold (D:9)
  2 vault guards (Bailey)
  Amaemon (D:7)
  Maurice (D:9)
  An orange demon (D:8)
  Prince Ribbit (Bailey)
  Grinder (D:4)
  A wyvern (D:9)
  3 yaks (D:8)
  Eustachio (D:5)
  4 humans (Bailey)
  A steam dragon (D:8)
  Menkaure (D:5)
  Duvessa (D:7)
  2 acid dragons
  A water moccasin (D:7)
  6 orc warriors
  A black bear (D:4)
  2 sky beasts (D:6)
  An ice beast (D:7)
  A centaur (D:9)
  An ogre (D:7)
  A phantom (D:5)
  2 kobold brigands (D:9)
  Blork the orc (D:4)
  10 bullfrogs
  A gnoll sergeant (D:9)
  11 scorpions
  3 wights (D:8)
  Dowan (D:7)
  5 killer bees
  2 electric eels (D:7)
  Crazy Yiuf (D:3)
  3 jellies (D:6)
  4 hounds
  2 orc priests
  8 orc wizards
  2 sleepcaps
  Terence (D:2)
  6 iguanas
  Ijyb (D:6)
  11 gnolls
  5 adders
  2 shadow imps (D:7)
  2 white imps
  An ufetubus (D:6)
  6 worms
  A dart slug (D:1)
  42 orcs
  6 ball pythons
  9 endoplasms
  4 giant cockroaches
  10 goblins
  8 hobgoblins
  21 kobolds
  7 quokkas
  10 bats
  6 frilled lizards
  8 rats
259 creatures vanquished.

Notes
Turn   | Place    | Note
-------+----------+-------------------------------------------
     0 | D:1      | monsoonserge the Demonspawn Monk began the quest for the
                  | Orb.
     0 | D:1      | Reached XP level 1. HP: 18/18 MP: 1/1
   139 | D:1      | Gained mutation: Your touch may inflict minor irresistible
                  | damage on your foes. [demonic ancestry]
   139 | D:1      | Reached XP level 2. HP: 24/24 MP: 2/2
   175 | D:1      | Found Odigh's Magic Scroll Shop.
   310 | D:1      | Reached XP level 3. HP: 29/29 MP: 3/3
   856 | D:2      | Noticed Terence
   866 | D:2      | Killed Terence
   867 | D:2      | Reached skill level 1 in Armour
   867 | D:2      | Reached XP level 4. HP: 5/35 MP: 4/4
  1720 | D:1      | Bought a scroll of teleportation for 36 gold pieces
  1720 | D:1      | Bought a scroll of fear for 48 gold pieces
  1749 | D:3      | Found Qyzaor's Distillery.
  1975 | D:3      | Found an ornate altar of the Wu Jian Council.
  2111 | D:3      | Found a runed translucent door.
  2112 | D:3      | Noticed Crazy Yiuf
  2144 | D:3      | Reached XP level 5. HP: 42/42 MP: 5/5
  2299 | D:3      | Killed Crazy Yiuf
  2398 | D:4      | Reached skill level 1 in Unarmed Combat
  2404 | D:4      | Gained mutation: Your touch may inflict irresistible damage
                  | on your foes. [demonic ancestry]
  2404 | D:4      | Reached XP level 6. HP: 30/48 MP: 6/6
  2571 | D:4      | Found a staircase to the Ecumenical Temple.
  2589 | Temple   | Entered the Ecumenical Temple
  2729 | D:4      | Found Megus's Antique Armour Shop.
  2746 | D:4      | Noticed Blork the orc
  2748 | D:4      | Noticed Grinder
  2752 | D:4      | Killed Blork the orc
  2887 | D:4      | Reached XP level 7. HP: 50/54 MP: 7/7
  2903 | D:4      | Reached skill level 5 in Long Blades
  3019 | D:4      | Killed Grinder
  3192 | D:4      | Found a shimmering altar of Xom.
  3421 | D:5      | Entered Level 5 of the Dungeon
  3517 | D:5      | Noticed Menkaure
  3526 | D:5      | Noticed Ijyb
  3539 | D:5      | HP: 2/55 [Ijyb/puff of flame (8)]
  3739 | D:6      | Killed Ijyb
  3949 | D:5      | Killed Menkaure
  3950 | D:5      | Gained mutation: You have a somewhat thin skeletal
                  | structure. (Dex +2, Stealth+) [demonic ancestry]
  3950 | D:5      | Reached XP level 8. HP: 54/61 MP: 8/8
  4058 | D:5      | Noticed Eustachio
  4061 | D:5      | Found a bloodstained altar of Trog.
  4112 | D:5      | Killed Eustachio
  4386 | D:5      | You fall into a shaft and drop 3 floors!
  4393 | D:8      | Noticed Amaemon
  4402 | D:8      | Noticed an orange demon
  4471 | D:7      | Found Ejeuqarph's Distillery.
  4483 | D:7      | Bought a potion of curing for 36 gold pieces
  4603 | D:6      | Found a runed translucent door.
  4605 | D:6      | Found a runed translucent door.
  4659 | D:6      | Found a stormy altar of Qazlal.
  4891 | D:6      | Reached skill level 1 in Stealth
  4897 | D:6      | Reached skill level 1 in Short Blades
  5393 | D:7      | Found Tonesy's Magic Scroll Emporium.
  5433 | D:7      | Noticed Dowan
  5434 | D:7      | Noticed Duvessa
  5457 | D:6      | Reached skill level 2 in Short Blades
  5859 | D:7      | Gained mutation: You have a moderately thin skeletal
                  | structure. (Dex +4, Stealth++) [demonic ancestry]
  5859 | D:7      | Reached XP level 9. HP: 67/67 MP: 9/9
  6237 | D:7      | Killed Dowan
  6246 | D:7      | Killed Duvessa
  6247 | D:7      | Reached skill level 3 in Short Blades
  6455 | D:7      | Reached skill level 5 in Armour
  6717 | D:7      | Found Gorunu's Book Shop.
  7070 | D:6      | Reached skill level 4 in Short Blades
  7283 | D:4      | Bought a shiny helmet for 232 gold pieces
  7497 | D:5      | Reached skill level 5 in Fighting
  7497 | D:5      | Reached skill level 5 in Short Blades
  7511 | D:5      | Found a blossoming altar of Fedhas.
  7854 | D:7      | Killed Amaemon
  7855 | D:7      | Reached skill level 6 in Short Blades
  8081 | D:8      | Killed an orange demon
  8082 | D:8      | Gained mutation: You have an unnaturally thin skeletal
                  | structure. (Dex +6, Stealth+++) [demonic ancestry]
  8082 | D:8      | Reached XP level 10. HP: 56/74 MP: 10/10
  8258 | D:8      | Reached skill level 5 in Dodging
  8267 | D:8      | Reached skill level 7 in Short Blades
  8436 | D:8      | Found a sacrificial altar of Ru.
  8566 | D:8      | Found an opulent altar of Gozag.
  8982 | D:9      | Found a flagged portal.
  9020 | Bailey   | Entered a bailey
  9126 | Bailey   | Reached skill level 8 in Short Blades
  9394 | Bailey   | Noticed a vault guard
  9394 | Bailey   | Noticed Prince Ribbit
  9423 | Bailey   | Killed a vault guard
  9424 | Bailey   | Reached skill level 1 in Throwing
  9424 | Bailey   | Killed Prince Ribbit
  9568 | Bailey   | Noticed a vault guard
  9590 | Bailey   | Killed a vault guard
  9735 | D:9      | Reached XP level 11. HP: 80/81 MP: 11/11
  9798 | D:9      | Noticed Harold
  9814 | D:9      | Killed Harold
 10182 | D:9      | Reached skill level 9 in Short Blades
 10626 | D:9      | Noticed Maurice
 10655 | D:9      | Killed Maurice
 10757 | D:9      | Slain by a shadow

Illustrated notes

Levels and vault maps discovered:
D:1:      mrwooster_arrival_statue, layout_loops_ring, serial_shops,
          nicolae_shop_behind_doors
D:2:      layout_loops_ring, kennysheep_cross_room, nicolae_wormholes,
          uniq_terence
D:3:      layout_rooms, mainiacjoe_overflow_24_doors, serial_shops,
          nicolae_shop_industrial_runoff, chequers_serial_rivers_small_b,
          uniq_crazy_yiuf_cottage
D:4:      layout_loops_ring, nicolae_overflow_crystal_walls,
          minmay_temple_entry_slanted, serial_shops, nicolae_shop_tiny_glass,
          minmay_ruptured, uniq_grinder, uniq_blork_the_orc
D:5:      layout_loops_cross, trog_three_pillars_becter, old_standard_altar,
          uniq_ijyb, uniq_menkaure, uniq_eustachio
D:6:      lemuel_insect_pit, layout_basic, nicolae_qazlal_general_emergency,
          kennysheep_generic_room_10
D:7:      layout_layer_cave, serial_shops, nicolae_stop_n_shop_1, shop,
          nicolae_shop_real_fake_doors, serial_park_tiny_pond,
          minmay_misc_feat_chi, minmay_misc_feat_secret_circle,
          nicolae_water_bricks, uniq_duvessa
D:8:      layout_basic, lemuel_coloured_pillars_altar, lemuel_doored_altar,
          uniq_amaemon
D:9:      layout_irregular_city, enter_bailey_5, grunt_ministairs_8,
          uniq_maurice, uniq_harold, uniq_erolcha
Temple:   zaba_magenta_temple

Skill      XL: |  1  2  3  4  5  6  7  8  9 10 11 |
---------------+----------------------------------+-----
Long Blades    | 3 4 6 |  6.7
Dodging        | 3 4 5 |  5.6
Armour         | 1 2 3 4 6 7 |  7.6
Unarmed Combat | 1 3 4 |  4.0
Fighting       | 4 5 6 |  6.5
Stealth        | 1 2 |  2.4
Short Blades   | 2 6 8 9 |  9.2
Throwing       | 1 |  1.8

Action                     |  1- 3 |  4- 6 |  7- 9 | 10-12 || total
---------------------------+-------+-------+-------+-------++-------
  Melee: Falchion          |    85 |    56 |       |       ||   141
         Unarmed           |    16 |       |       |       ||    16
         Touch             |    15 |    28 |    90 |    92 ||   225
         Long sword        |       |    80 |   113 |       ||   193
         Punch             |       |     3 |    10 |    15 ||    28
         Rapier            |       |       |   247 |   364 ||   611
  Throw: Boomerang         |       |       |       |    15 ||    15
  Evoke: Wand              |       |       |     2 |       ||     2
    Use: Potion            |       |       |     1 |     1 ||     2
   Stab: Distracted        |       |       |     1 |       ||     1
         Sleeping          |       |       |       |     1 ||     1
 Armour: Ring mail         |    39 |       |       |       ||    39
         Scale mail        |       |    71 |   172 |    95 ||   338
  Dodge: Dodged            |    75 |    62 |   171 |   100 ||   408
